[Event "Titled Tuesday Blitz February 15 Late 2022"]
[White "Daianu, Cristian-Clement"]
[Black "Van den Dikkenberg, Erik"]
[WhiteFideId "1208926"]
[BlackFideId "1005880"]
[WhiteElo "2159"]
[BlackElo "2118"]
[Result "1-0"]
[Round "07"]
[TimeControl "180+1"]
[Date "2022.02.16"]
[WhiteClock "0:00:22"]
[BlackClock "0:00:01"]

1. d4 Nf6 2. Bf4 g6 3. e3 Bg7 4. Nf3 d6 5. Bd3 c5 6. c3 Nc6 7. h3 cxd4 8. exd4 O-O 9. O-O a6 10. Re1 Bd7 11. Nbd2 Rc8 12. Ne4 Nxe4 13. Bxe4 Re8 14. Qd2 Qc7 15. Bh6 e5 16. Bxg7 Kxg7 17. Rad1 Rcd8 18. Bd5 f6 19. h4 Bg4 20. Nh2 Bxd1 21. Qxd1 Ne7 22. Bb3 Nf5 23. h5 exd4 24. Rxe8 Rxe8 25. cxd4 Qe7 26. Nf3 gxh5 27. Qc1 Nxd4 28. Nxd4 Qe1+ 29. Qxe1 Rxe1+ 30. Kh2 Rb1 31. Nf5+ Kf8 32. Nxd6 Rxb2 33. Nxb7 Rxf2 34. Nc5 a5 35. a4 Rb2 36. Bc4 Rb4 37. Bb5 Ke7 38. Nb7 Rh4+ 39. Kg1 f5 40. Nxa5 f4 41. Nc4 Kd8 42. Kf2 Kc7 43. Ne5 Kb6 44. Be8 Ka5 45. Nc4+ Kb4 46. Nd2 f3 47. Nxf3 Rf4 48. Kg3 Rf8 49. Bb5 Rg8+ 50. Kh3 h6 51. Ne5 Rg5 52. Nf7 Rg7 53. Nxh6 Rg6 54. Nf5 Rg5 55. Ng3 Rg4 56. Nxh5 Rg5 57. g4 1-0


[Site "https://www.chess.com"]

[Event "Titled Tuesday Blitz February 15 Late 2022"]
[White "Deac, Bogdan-Daniel"]
[Black "Mikhailovsky, Vladimir"]
[WhiteFideId "1226380"]
[BlackFideId "34105414"]
[WhiteElo "2646"]
[BlackElo "2371"]
[Result "1-0"]
[Round "07"]
[TimeControl "180+1"]
[Date "2022.02.15"]
[WhiteClock "0:00:30"]
[BlackClock "0:00:01"]

1. e4 c6 2. Nf3 d5 3. d3 Qc7 4. exd5 cxd5 5. c4 Nf6 6. Nc3 e6 7. a3 Nc6 8. g3 g6 9. Bg2 Bg7 10. Bf4 Qd8 11. O-O O-O 12. Qe2 b6 13. Rac1 Bb7 14. b4 Rc8 15. Nb5 Nh5 16. Bg5 Qd7 17. Rfd1 a6 18. Nc3 h6 19. Bd2 Nf6 20. Na4 Nd4 21. Nxd4 Qxa4 22. Bc3 Rfd8 23. Qb2 Qd7 24. Nf3 Ne8 25. Bxg7 Nxg7 26. Ne5 Qe7 27. Ng4 f5 28. Ne5 dxc4 29. dxc4 Bxg2 30. Kxg2 Qf6 31. Qe2 f4 32. Ng4 Qg5 33. h4 Qe7 34. Nxh6+ Kh7 35. Ng4 fxg3 36. fxg3 Nf5 37. Qe4 Qf7 38. c5 bxc5 39. bxc5 Rxd1 40. Rxd1 Rxc5 41. Rd7 Ne3+ 42. Qxe3 Rc2+ 43. Kh3 1-0


[Site "https://www.chess.com"]

[Event "Titled Tuesday Blitz February 15 Late 2022"]
[White "Demchenko, Anton"]
[Black "Remizov, Yaroslav"]
[WhiteFideId "4160258"]
[BlackFideId "34134015"]
[WhiteElo "2539"]
[BlackElo "2360"]
[Result "1-0"]
[Round "07"]
[TimeControl "180+1"]
[Date "2022.02.15"]
[WhiteClock "0:00:11"]
[BlackClock "0:00:07"]

1. e4 e6 2. d4 a6 3. Nf3 c5 4. d5 d6 5. dxe6 Bxe6 6. Ng5 Nc6 7. Nc3 Nf6 8. f4 Be7 9. Be2 Qd7 10. f5 Bxf5 11. exf5 Qxf5 12. Qd3 Qxd3 13. Bxd3 d5 14. O-O h6 15. Nh3 b5 16. Nf4 O-O-O 17. a4 b4 18. Bxa6+ Kc7 19. Nce2 c4 20. Bb5 Bc5+ 21. Kh1 Nd4 22. Nxd4 Bxd4 23. Ne2 Bc5 24. b3 Ne4 25. g3 cxb3 26. cxb3 f6 27. Nf4 Kb7 28. Ne6 Rc8 29. Nxc5+ Rxc5 30. Bd3 Rc3 31. Bxe4 dxe4 32. Bd2 Rxb3 33. Rab1 Rxb1 34. Rxb1 Ka6 35. Rxb4 Rd8 36. Be3 f5 37. Rb6+ Ka5 38. Rb5+ Kxa4 39. Rxf5 Re8 40. Kg2 Kb3 41. Rc5 Kb4 42. Rc7 g5 43. Kf2 Ra8 44. Rc2 Kb3 45. Rd2 Kc3 46. Ke2 Ra4 47. Rd6 Ra2+ 48. Bd2+ Kc4 49. Ke3 h5 50. Kxe4 h4 51. Rd4+ Kc5 52. Rd5+ Kc6 53. gxh4 gxh4 54. Rd3 h3 55. Bf4 Ra4+ 56. Rd4 Ra2 57. Bg3 Re2+ 58. Kf3 Re8 59. Kg4 Rh8 60. Rd3 Kc5 61. Rd7 Kc6 62. Rd1 Rh7 63. Bh4 Rh8 64. Kxh3 Rg8 65. Bg3 Rh8+ 66. Kg2 Rg8 67. h4 Rh8 68. Kh3 Rh7 69. Bf4 Rh8 70. Bg5 Kc5 71. Kg4 Rg8 72. h5 Ra8 73. h6 Ra4+ 74. Kh5 Ra1 75. Be3+ 1-0


[Site "https://www.chess.com"]

[Event "Titled Tuesday Blitz February 15 Late 2022"]
[White "Dias, Joao Batista"]
[Black "Gatterer, Florian"]
[WhiteFideId "2108240"]
[BlackFideId "811688"]
[WhiteElo "1898"]
[BlackElo "2218"]
[Result "0-1"]
[Round "07"]
[TimeControl "180+1"]
[Date "2022.02.16"]
[WhiteClock "0:00:26"]
[BlackClock "0:00:04"]

1. e4 e5 2. Nf3 Nc6 3. d4 exd4 4. Nxd4 Nf6 5. Nxc6 bxc6 6. Bd3 d5 7. O-O Be7 8. exd5 cxd5 9. Re1 O-O 10. Bg5 h6 11. Bh4 c6 12. Nc3 Rb8 13. b3 Bb4 14. Na4 Bxe1 15. Qxe1 Re8 16. Qc3 Qe7 17. h3 Qe5 18. Bxf6 gxf6 19. Rd1 Qxc3 20. Nxc3 Be6 21. Na4 Kg7 22. Kf1 a5 23. Nc5 Rb4 24. a4 Rbb8 25. Na6 Rbc8 26. Nc5 f5 27. f4 Kf6 28. Kf2 Rg8 29. Bf1 h5 30. Nb7 Ra8 31. Nd6 h4 32. Nb7 Rg3 33. Rd2 Ke7 34. Nc5 Ra7 35. Nd3 f6 36. Ne1 Rg8 37. Nf3 Rh8 38. Bd3 Kd6 39. Re2 Re7 40. Nd4 Bd7 41. Rd2 c5 42. Nxf5+ Bxf5 43. Bxf5 Rhe8 44. Bg4 Rb8 45. Bf3 d4 46. Rd1 Kc7 47. Bd5 Re3 48. Bc4 Rbe8 49. Rd2 R8e4 50. f5 Rf4+ 51. Kg1 Rxf5 52. Kh2 Rf4 53. Bd3 Kd6 54. Bc4 Kc7 55. Bd3 Kd7 56. Bb5+ Kd6 57. Kg1 Rfe4 58. Kh2 Rf4 59. Bd3 Ke5 60. Bc4 f5 61. Bd3 Rfe4 62. Bxe4 fxe4 63. Kg1 Re1+ 64. Kf2 Rc1 65. Re2 e3+ 66. Kf3 Rf1+ 67. Kg4 Rf2 68. Re1 Rxc2 69. g3 Ke4 70. gxh4 d3 71. h5 d2 72. Rf1 Rc1 73. Rf4+ Kd3 74. h6 Rg1+ 75. Kf5 Rg8 76. h7 Rh8 77. Rh4 d1=Q 78. Kg6 e2 79. Kg7 Rxh7+ 80. Rxh7 e1=Q 81. h4 Kc2 82. h5 Qd4+ 83. Kg8 Qe8# 0-1


[Site "https://www.chess.com"]

[Event "Titled Tuesday Blitz February 15 Late 2022"]
[White "Dovbnia, Nikita"]
[Black "Medeiros Jr, Francisco De Assis"]
[WhiteFideId "54104599"]
[BlackFideId "2114267"]
[WhiteElo "2111"]
[BlackElo "1998"]
[Result "0-1"]
[Round "07"]
[TimeControl "180+1"]
[Date "2022.02.16"]
[WhiteClock "0:00:18"]
[BlackClock "0:00:07"]

1. d4 d5 2. Nc3 c6 3. Bf4 Nf6 4. e3 Bf5 5. f3 Bg6 6. g4 h6 7. h4 e6 8. Bd3 Bxd3 9. Qxd3 Bd6 10. Nge2 Qc7 11. O-O-O Nbd7 12. Bxd6 Qxd6 13. g5 Ng8 14. g6 f6 15. e4 O-O-O 16. f4 Ne7 17. e5 fxe5 18. fxe5 Qb4 19. Nf4 Nf8 20. h5 c5 21. Rhf1 Qxd4 22. Qxd4 cxd4 23. Rxd4 Nc6 24. Rd2 Nxe5 25. Re2 Ned7 26. Nxe6 Nxe6 27. Rxe6 Nf6 28. Re7 Rd7 29. Rfe1 Rhd8 30. R7e5 a6 31. Ne2 Ng4 32. Re6 Rd6 33. Nf4 Nf6 34. Re7 R8d7 35. Rf7 d4 36. Ree7 Rxe7 37. Rxe7 Rd7 38. Rf7 b5 39. Kd2 a5 40. Kd3 Kc7 41. Rxd7+ Kxd7 42. Kxd4 Ke7 43. Kc5 Ne4+ 44. Kxb5 Kf6 45. Kxa5 Kf5 46. Nd5 Ng3 47. b4 Nxh5 48. b5 Nf6 49. b6 Nxd5 50. b7 Ne7 51. b8=Q Nc6+ 52. Kb6 Nxb8 53. Kc7 Na6+ 54. Kb6 Nb4 55. c4 h5 56. c5 h4 57. a3 Nd5+ 58. Kc6 Ke5 59. a4 h3 60. a5 h2 61. a6 Nb4+ 62. Kb5 h1=Q 63. Kxb4 Qa8 64. Kb5 Qa7 65. c6 Kd6 66. Ka5 Kc7 0-1


[Site "https://www.chess.com"]

[Event "Titled Tuesday Blitz February 15 Late 2022"]
[White "Erdogdu, Mert"]
[Black "Barp, Alberto"]
[WhiteFideId "6301495"]
[BlackFideId "872555"]
[WhiteElo "2485"]
[BlackElo "2229"]
[Result "1-0"]
[Round "07"]
[TimeControl "180+1"]
[Date "2022.02.15"]
[WhiteClock "0:00:19"]
[BlackClock "0:00:03"]

1. e4 c6 2. d4 d5 3. exd5 cxd5 4. c4 Nf6 5. Nc3 Nc6 6. Bg5 Ne4 7. cxd5 Nxc3 8. bxc3 Qxd5 9. Nf3 Bg4 10. Qb3 Bxf3 11. gxf3 Qxb3 12. axb3 e6 13. b4 Bd6 14. b5 Ne7 15. c4 Bb4+ 16. Ke2 a5 17. bxa6 Rxa6 18. Rxa6 bxa6 19. Kd3 Kd7 20. Be2 a5 21. Ra1 Nf5 22. Be3 Nxe3 23. fxe3 g5 24. c5 Rg8 25. Kc4 Rg6 26. h3 Rh6 27. Bf1 Rf6 28. Bg2 Kc7 29. e4 Rf4 30. Kb5 f5 31. d5 fxe4 32. fxe4 Rf2 33. Bf1 exd5 34. exd5 Rf5 35. Bc4 Rf8 36. Be2 Rf5 37. d6+ Kd8 38. Rc1 Re5 39. Bg4 Ba3 40. Rc2 Bb4 41. Kc6 a4 42. Rc4 Rxc5+ 43. Rxc5 Bxc5 44. Kxc5 a3 45. Be6 h5 46. Kd4 g4 47. h4 a2 48. Bxa2 Kd7 49. Ke5 g3 50. Bd5 1-0


[Site "https://www.chess.com"]

[Event "Titled Tuesday Blitz February 15 Late 2022"]
[White "Fiorito, Fabian"]
[Black "Golubev, Mikhail"]
[WhiteFideId "100200"]
[BlackFideId "14100983"]
[WhiteElo "2395"]
[BlackElo "2374"]
[Result "0-1"]
[Round "07"]
[TimeControl "180+1"]
[Date "2022.02.16"]
[WhiteClock "0:00:05"]
[BlackClock "0:00:05"]

1. d4 Nf6 2. Nc3 d5 3. Bf4 c5 4. e4 dxe4 5. dxc5 Qxd1+ 6. Rxd1 Bd7 7. Nge2 g6 8. Ng3 Bg7 9. Be2 Nc6 10. O-O O-O 11. Ngxe4 Nxe4 12. Nxe4 Bf5 13. Ng3 Bxc2 14. Rd7 Nd4 15. Bc4 Rac8 16. b4 b5 17. Bd5 Rcd8 18. Rxd8 Rxd8 19. Bb7 e5 20. Be3 Ne6 21. c6 Nc7 22. Bxa7 Bf8 23. Bb6 Bd6 24. Rc1 Bd3 25. f3 f5 26. Rd1 e4 27. fxe4 fxe4 28. Re1 Rf8 29. Nxe4 Bxb4 30. Rd1 Bxe4 31. Bxc7 Bc5+ 32. Kh1 Rf2 33. h3 Rxg2 34. Rd8+ Kg7 35. Be5+ Kh6 36. Bf4+ Kh5 37. Bc8 Rd2# 0-1


[Site "https://www.chess.com"]

[Event "Titled Tuesday Blitz February 15 Late 2022"]
[White "Foisor, Sabina-Francesca"]
[Black "Tasev, Dejan"]
[WhiteFideId "1212915"]
[BlackFideId "936618"]
[WhiteElo "2243"]
[BlackElo "2253"]
[Result "1-0"]
[Round "07"]
[TimeControl "180+1"]
[Date "2022.02.16"]
[WhiteClock "0:00:07"]
[BlackClock "0:00:08"]

1. d4 Nf6 2. c4 e6 3. Nf3 d5 4. Nc3 Be7 5. Bf4 c6 6. e3 O-O 7. Be2 Nbd7 8. O-O dxc4 9. Bxc4 b5 10. Bb3 Bb7 11. Qe2 a6 12. Rad1 Qb6 13. e4 b4 14. Nb1 c5 15. d5 exd5 16. exd5 Rfe8 17. Qd3 Bd6 18. Bg5 a5 19. Nbd2 Ba6 20. Bc4 Ng4 21. Bxa6 Rxa6 22. Nc4 Qb8 23. h3 Ngf6 24. Nxd6 Qxd6 25. Bf4 Qb6 26. Rfe1 Raa8 27. d6 Qc6 28. Re7 Rxe7 29. dxe7 Re8 30. Re1 h6 31. Qd6 Qc8 32. Nd2 c4 33. Ne4 Nxe4 34. Rxe4 c3 35. bxc3 bxc3 36. Re1 Nf6 37. Rc1 c2 38. Be5 Nd7 39. Bb2 Qb8 40. Qxd7 a4 41. Qd4 f6 42. Rxc2 Rxe7 43. Qc4+ Kh7 44. Qd3+ g6 45. g3 Re1+ 46. Kg2 Qb7+ 47. f3 Qe7 48. Bd4 a3 49. Bf2 Re6 50. Rd2 Qf7 51. Qd7 Re7 52. Qd5 Qg7 53. Qd3 Rf7 54. Re2 f5 55. Qxa3 f4 56. g4 Qf8 57. Qd3 Re7 58. Rxe7+ Qxe7 59. Qd4 Qf7 60. a4 Qa2 61. Qa7+ Kg8 62. a5 g5 63. a6 Qf7 64. Qxf7+ Kxf7 65. a7 1-0


[Site "https://www.chess.com"]

[Event "Titled Tuesday Blitz February 15 Late 2022"]
[White "Goltseva, Ekaterina"]
[Black "Ramirez, Alejandro"]
[WhiteFideId "24173770"]
[BlackFideId "6500617"]
[WhiteElo "2140"]
[BlackElo "2694"]
[Result "1-0"]
[Round "07"]
[TimeControl "180+1"]
[Date "2022.02.15"]
[WhiteClock "0:00:56"]
[BlackClock "0:00:04"]

1. d4 Nf6 2. c4 c5 3. d5 b5 4. cxb5 a6 5. bxa6 Bxa6 6. Nc3 g6 7. e4 Bxf1 8. Kxf1 d6 9. g3 Bg7 10. Kg2 O-O 11. Nf3 Nbd7 12. a4 Ra6 13. Qe2 Qa8 14. Ra3 Rb8 15. Nb5 Rxa4 16. Bg5 Rxa3 17. bxa3 Qa4 18. Rb1 Qxe4 19. Qxe4 Nxe4 20. Bxe7 c4 21. a4 c3 22. Re1 c2 23. Rc1 Rc8 24. Ne1 Re8 25. Bxd6 Nxd6 26. Nxd6 Re2 27. Kf1 Rd2 28. Rxc2 Rxd5 29. Rc8+ Bf8 30. Nc4 Kg7 31. a5 Bc5 32. a6 Rd4 33. Rxc5 Nxc5 34. a7 Rd8 35. Nb6 1-0


[Site "https://www.chess.com"]

[Event "Titled Tuesday Blitz February 15 Late 2022"]
[White "Golubenko, Valentina"]
[Black "Bugayev, Vladimir"]
[WhiteFideId "4501993"]
[BlackFideId "30901480"]
[WhiteElo "2164"]
[BlackElo "2418"]
[Result "1-0"]
[Round "07"]
[TimeControl "180+1"]
[Date "2022.02.16"]
[WhiteClock "0:00:45"]
[BlackClock "0:00:10"]

1. d4 Nf6 2. g3 c5 3. d5 b5 4. Bg2 d6 5. c4 b4 6. Nf3 g6 7. O-O Bg7 8. Nbd2 O-O 9. e4 a5 10. a4 Ra7 11. Re1 Bg4 12. h3 Bxf3 13. Nxf3 Nfd7 14. Rb1 Ne5 15. Nxe5 Bxe5 16. f4 Bd4+ 17. Kh2 e5 18. f5 f6 19. fxg6 hxg6 20. Qg4 Qe8 21. Bh6 Nd7 22. Bxf8 Nxf8 23. Rf1 Rf7 24. h4 Qe7 25. Rf3 Kg7 26. b3 Qd7 27. Bh3 Qxg4 28. Bxg4 Nh7 29. Be6 Re7 30. Rbf1 Rc7 31. g4 g5 32. Bf5 Nf8 33. hxg5 fxg5 34. Be6 Nh7 35. Rf7+ Rxf7 36. Rxf7+ Kg6 37. Rd7 Nf6 38. Bf5+ Kh6 39. Rf7 Ne8 40. Rh7# 1-0


[Site "https://www.chess.com"]

[Event "Titled Tuesday Blitz February 15 Late 2022"]
[White "Goryachkina, Aleksandra"]
[Black "Tan, Jun Ying"]
[WhiteFideId "4147103"]
[BlackFideId "5710413"]
[WhiteElo "2426"]
[BlackElo "1827"]
[Result "1-0"]
[Round "07"]
[TimeControl "180+1"]
[Date "2022.02.16"]
[WhiteClock "0:00:07"]
[BlackClock "0:00:12"]

1. e4 c5 2. Nf3 Nc6 3. Nc3 d6 4. Bb5 Bd7 5. O-O g6 6. d4 cxd4 7. Nxd4 Bg7 8. Be3 Nf6 9. h3 O-O 10. Bc4 Qc8 11. Bb3 Rd8 12. f4 Na5 13. Qd3 Nxb3 14. axb3 Bc6 15. Rae1 e5 16. Nxc6 Qxc6 17. fxe5 dxe5 18. Qc4 Qxc4 19. bxc4 Rdc8 20. b3 h6 21. Rd1 Rd8 22. Rxd8+ Rxd8 23. Bxa7 Rd2 24. Rf2 Rd7 25. Be3 Nh5 26. Rf3 Bf8 27. Nd5 Kg7 28. g4 Nf4 29. Bxf4 exf4 30. Rxf4 Bc5+ 31. Kf1 g5 32. Rf5 Rd6 33. Ke2 Ra6 34. Kd3 Ra1 35. b4 Bg1 36. c5 Rd1+ 37. Ke2 Rd4 38. Rf1 Rxe4+ 39. Kf3 Rd4 40. Rxg1 Rxd5 41. Ke4 Rd2 42. c4 Rb2 43. b5 Rh2 44. c6 bxc6 45. bxc6 Rc2 46. Kd5 Kf8 47. c7 Rd2+ 48. Kc6 Ke7 49. c8=Q 1-0


[Site "https://www.chess.com"]

[Event "Titled Tuesday Blitz February 15 Late 2022"]
[White "Gracia Alvarez, Gerardo Antonio"]
[Black "Jaferian, Koosha"]
[WhiteFideId "5109124"]
[BlackFideId "12507440"]
[WhiteElo "2139"]
[BlackElo "2027"]
[Result "1-0"]
[Round "07"]
[TimeControl "180+1"]
[Date "2022.02.16"]
[WhiteClock "0:00:29"]
[BlackClock "0:00:44"]

1. e4 c6 2. c4 d5 3. cxd5 cxd5 4. exd5 Nf6 5. Qa4+ Nbd7 6. Nc3 g6 7. Bc4 Bg7 8. d3 O-O 9. Nf3 a6 10. Qa3 b6 11. O-O Bb7 12. Re1 Re8 13. Qb4 b5 14. Bb3 Nb6 15. Qh4 Nbxd5 16. Ne5 e6 17. Bg5 Qd6 18. d4 Nd7 19. Ne4 Qc7 20. Rac1 Bxe5 21. Rxc7 Bxc7 22. Rc1 Bd8 23. Nd6 Bxg5 24. Qxg5 Reb8 25. Nxb7 Rxb7 26. Bxd5 exd5 27. Qxd5 Rab8 28. h3 Nf8 29. Rc6 Rd7 30. Qe4 Rbd8 31. Rxa6 Rxd4 32. Qc6 Rd1+ 33. Kh2 R1d2 34. Qxb5 Rxf2 35. Qb7 Rdd2 36. b4 Ne6 37. Rxe6 fxe6 38. a4 Rf7 39. Qc8+ Kg7 40. Qxe6 Rdd7 41. Qe5+ Kf8 42. b5 h5 43. b6 Rf5 44. Qb8+ Kg7 45. b7 Rff7 46. Qe5+ 1-0


[Site "https://www.chess.com"]

[Event "Titled Tuesday Blitz February 15 Late 2022"]
[White "Grigoriants, Sergey"]
[Black "Dreev, Aleksey"]
[WhiteFideId "4130804"]
[BlackFideId "4100107"]
[WhiteElo "2502"]
[BlackElo "2636"]
[Result "0-1"]
[Round "07"]
[TimeControl "180+1"]
[Date "2022.02.15"]
[WhiteClock "0:00:02"]
[BlackClock "0:00:35"]

1. e4 c5 2. Nf3 d6 3. d4 cxd4 4. Nxd4 Nf6 5. Nc3 Nc6 6. Bg5 Bd7 7. Nb3 a6 8. Qd2 e6 9. O-O-O Be7 10. Bxf6 gxf6 11. f4 b5 12. g3 Qb6 13. Kb1 h5 14. Ne2 a5 15. Nbd4 b4 16. Bg2 a4 17. Nxc6 Bxc6 18. Nd4 Bb7 19. Rhe1 a3 20. b3 Qc5 21. Re3 Rc8 22. Rc1 f5 23. c3 fxe4 24. Bxe4 Bxe4+ 25. Rxe4 bxc3 26. Qd3 d5 27. Re2 Bf6 28. Nc2 Kf8 29. Rd1 Kg7 30. f5 e5 31. Qxd5 Rhd8 32. Qh1 Rb8 33. Rxd8 Rxd8 34. Qc1 e4 35. Rxe4 Rd2 36. g4 Qf2 37. gxh5 Qxf5 38. Qg1+ Kh7 39. Qe1 Bh4 40. Qh1 Qd5 41. Kc1 Bg5 0-1


[Site "https://www.chess.com"]

[Event "Titled Tuesday Blitz February 15 Late 2022"]
[White "Grigorov, Grigor"]
[Black "Rustemov, Alexander"]
[WhiteFideId "2907313"]
[BlackFideId "4119002"]
[WhiteElo "2510"]
[BlackElo "2787"]
[Result "1-0"]
[Round "07"]
[TimeControl "180+1"]
[Date "2022.02.15"]
[WhiteClock "0:00:23"]
[BlackClock "0:00:37"]

1. d4 d5 2. c4 dxc4 3. e3 Nf6 4. Bxc4 e6 5. Nf3 c5 6. O-O a6 7. Re1 b5 8. Bf1 Bb7 9. a4 b4 10. Nbd2 Nbd7 11. e4 cxd4 12. e5 Nd5 13. Nc4 Be7 14. Nxd4 O-O 15. Qg4 Re8 16. Bh6 g6 17. h4 Rc8 18. h5 Nc5 19. Rad1 Rc7 20. a5 Rd7 21. Nf3 Qc7 22. Qg3 Red8 23. Rd4 Bf8 24. Bxf8 Rxf8 25. Nd6 Rfd8 26. hxg6 hxg6 27. Rh4 Rxd6 28. exd6 Qxd6 29. Ne5 Nf6 30. Qf4 Nh5 31. Qxf7+ Kh8 32. Nxg6# 1-0


[Site "https://www.chess.com"]

[Event "Titled Tuesday Blitz February 15 Late 2022"]
[White "Grischuk, Alexander"]
[Black "Abdrlauf, Elham"]
[WhiteFideId "4126025"]
[BlackFideId "1533533"]
[WhiteElo "2762"]
[BlackElo "2334"]
[Result "1/2-1/2"]
[Round "07"]
[TimeControl "180+1"]
[Date "2022.02.15"]
[WhiteClock "0:00:07"]
[BlackClock "0:00:09"]

1. e4 c6 2. d4 d5 3. e5 c5 4. dxc5 e6 5. a3 Bxc5 6. Nf3 Nc6 7. b4 Be7 8. Nbd2 f6 9. Bb2 fxe5 10. Nxe5 Nxe5 11. Bxe5 Nf6 12. Bd3 O-O 13. O-O a5 14. Rb1 axb4 15. axb4 Bd6 16. Nf3 Qc7 17. Qe2 Bd7 18. c4 Rae8 19. Rbc1 dxc4 20. Bxc4 Bc6 21. Rfe1 Kh8 22. Bxd6 Qxd6 23. Qd2 Qxd2 24. Nxd2 e5 25. b5 Bd5 26. Bxd5 Nxd5 27. g3 Re7 28. Nc4 e4 29. Nd6 Nf6 30. b6 Re6 31. Nxb7 Rxb6 32. Nc5 Rb2 33. Ne6 Re8 34. Nd4 h6 35. h3 Rd8 36. Re2 Rxe2 37. Nxe2 Rd2 38. Kf1 Rd7 39. Nf4 Kh7 40. Ng2 Re7 41. Ne3 Ra7 42. g4 Rb7 43. Kg2 Ra7 44. h4 Rf7 45. Rc5 Ra7 46. Kg3 Ra3 47. g5 hxg5 48. hxg5 Nd7 49. Rd5 Nf8 50. Re5 Ra4 51. Kg4 Ng6 52. Re6 Ra2 53. Kg3 Ra4 54. Nd5 Ra5 55. Ne3 Rxg5+ 56. Kh2 Rh5+ 57. Kg3 Rg5+ 58. Kh2 Nh4 59. Rxe4 Nf3+ 60. Kh3 Ng1+ 61. Kh2 Nf3+ 62. Kh3 Ra5 63. Rf4 Ng5+ 64. Kg4 Ne6 65. Re4 Ng5 66. Re7 Kg6 67. f4 Nh7 68. f5+ Kh6 69. Re6+ Nf6+ 70. Kf3 Kg5 71. Re7 Nh5 72. Re6 Nf6 73. Re7 Kh6 74. Re6 Ra4 75. Nd5 Kg5 76. Nxf6 gxf6 77. Rb6 Ra3+ 78. Kf2 Kxf5 79. Rb5+ Kg4 80. Rb4+ Kg5 81. Rb5+ f5 82. Rb4 Rc3 83. Ra4 Rb3 84. Rc4 Ra3 85. Rb4 Rd3 86. Rc4 Rd6 87. Kf3 Rh6 88. Kg3 Rh8 89. Ra4 Rf8 90. Kf3 Rc8 91. Kg3 Rc3+ 92. Kf2 Rb3 93. Rc4 Ra3 94. Rb4 1/2-1/2


[Site "https://www.chess.com"]

[Event "Titled Tuesday Blitz February 15 Late 2022"]
[White "Herrera Reyes, Jose Antonio"]
[Black "Ozdemir, Serhan Berat"]
[WhiteFideId "2274914"]
[BlackFideId "6374611"]
[WhiteElo "2361"]
[BlackElo "1920"]
[Result "1-0"]
[Round "07"]
[TimeControl "180+1"]
[Date "2022.02.16"]
[WhiteClock "0:01:43"]
[BlackClock "0:00:09"]

1. Nf3 Nf6 2. g3 g6 3. Bg2 Bg7 4. d3 O-O 5. Nc3 d5 6. h4 Bg4 7. h5 Bxh5 8. Bg5 c5 9. Qd2 Nc6 10. Bh6 Qa5 11. Bxg7 Kxg7 12. d4 Bxf3 13. Bxf3 cxd4 14. Nxd5 Qxd2+ 15. Kxd2 Nxd5 16. Bxd5 Rfd8 17. Bb3 e5 18. Rh4 h5 19. g4 hxg4 20. Rxg4 Na5 21. f4 Nxb3+ 22. axb3 f5 23. Rg5 e4 24. Rag1 Rd6 25. Rxf5 Rad8 26. Re5 d3 27. exd3 exd3 28. c4 Kf6 29. Reg5 Kf7 30. R1g3 Rf6 31. R5g4 Rd4 32. Rf3 Ke6 33. f5+ Ke5 34. Re3+ 1-0


[Site "https://www.chess.com"]

[Event "Titled Tuesday Blitz February 15 Late 2022"]
[White "Hess, Robert"]
[Black "Przybylski, Wojciech"]
[WhiteFideId "2022036"]
[BlackFideId "1117599"]
[WhiteElo "2557"]
[BlackElo "2133"]
[Result "1-0"]
[Round "07"]
[TimeControl "180+1"]
[Date "2022.02.16"]
[WhiteClock "0:00:05"]
[BlackClock "0:00:02"]

1. b3 e5 2. Bb2 Nc6 3. e3 Nf6 4. d3 d5 5. Nd2 Bd6 6. a3 O-O 7. h3 a5 8. Ne2 Re8 9. g4 Nd7 10. Bg2 Ne7 11. c4 c6 12. Qc2 b5 13. cxb5 cxb5 14. Nc3 Bb7 15. Nxb5 Rc8 16. Qd1 Bb8 17. O-O Ba6 18. a4 Qb6 19. Qb1 Bxb5 20. axb5 Qxb5 21. Rc1 Nc5 22. Bf1 d4 23. exd4 exd4 24. Bxd4 Ne6 25. Be3 Nd5 26. Nc4 Nxe3 27. fxe3 Qb4 28. Ra4 Qb7 29. Bg2 Qc7 30. Kf1 Qg3 31. Qc2 Nc5 32. Rxa5 Re6 33. Qf2 Rf6 34. Qxf6 gxf6 35. Nb6 Qxe3 36. Rd1 Qf4+ 37. Kg1 Qe3+ 38. Kf1 Qf4+ 39. Kg1 Re8 40. Nd5 Qd4+ 41. Kh1 Qe5 42. Kg1 Nxb3 43. Ra4 Bd6 44. Re4 Qh2+ 45. Kf1 Rxe4 46. dxe4 Be5 47. Ne7+ Kg7 48. Nf5+ Kg6 49. Nh4+ Kg7 50. Nf5+ Kg6 51. Rd8 Qf4+ 52. Kg1 Qc1+ 53. Kf2 Qf4+ 54. Ke2 Nd4+ 55. Nxd4 Qg3 56. Rg8+ Kh6 57. Nf5# 1-0


[Site "https://www.chess.com"]

[Event "Titled Tuesday Blitz February 15 Late 2022"]
[White "Horak, Martin"]
[Black "Curtis, John"]
[WhiteFideId "367095"]
[BlackFideId "3200256"]
[WhiteElo "1997"]
[BlackElo "2203"]
[Result "0-1"]
[Round "07"]
[TimeControl "180+1"]
[Date "2022.02.16"]
[WhiteClock "0:00:04"]
[BlackClock "0:00:29"]

1. d4 Nf6 2. c4 e6 3. g3 d5 4. Bg2 Be7 5. Nf3 O-O 6. O-O Nbd7 7. Qc2 c5 8. cxd5 exd5 9. Nc3 b6 10. Rd1 Bb7 11. b3 Rc8 12. Bb2 cxd4 13. Nxd4 Nc5 14. Nf5 Nce4 15. Qd3 Bc5 16. Nxe4 dxe4 17. Qb1 Qc7 18. Bxf6 gxf6 19. Bxe4 Rce8 20. Bf3 Bxf3 21. exf3 Re2 22. Nd4 Bxd4 23. Rxd4 Qc5 24. Qd3 Rfe8 25. Rd1 Qc2 26. Rd2 Qxd3 27. R4xd3 Re1+ 28. Kg2 Ra1 29. h4 Re7 30. g4 h6 31. Kg3 Kg7 32. Kg2 Rc7 33. Rd4 Re7 34. Rd5 Rb7 35. Rf5 a5 36. Rd6 Rxa2 37. Rfxf6 Rb2 38. Rc6 Rxb3 39. Rxh6 a4 40. g5 a3 41. Rhd6 a2 42. Rc1 Rb1 43. Rdd1 Rxc1 44. Rxc1 b5 45. Ra1 Ra7 46. f4 b4 47. f5 b3 48. f6+ Kg6 0-1


[Site "https://www.chess.com"]

[Event "Titled Tuesday Blitz February 15 Late 2022"]
[White "Iljin, Timofey"]
[Black "Gubajdullin, Alexei"]
[WhiteFideId "14110180"]
[BlackFideId "4141202"]
[WhiteElo "2396"]
[BlackElo "2268"]
[Result "1-0"]
[Round "07"]
[TimeControl "180+1"]
[Date "2022.02.16"]
[WhiteClock "0:00:33"]
[BlackClock "0:01:30"]

1. d4 g6 2. c4 Bg7 3. e4 d6 4. Nc3 Nf6 5. f4 O-O 6. Nf3 Na6 7. Bd3 c5 8. d5 e6 9. O-O exd5 10. cxd5 Nc7 11. a4 b6 12. Re1 Re8 13. h3 Ba6 14. Bxa6 Nxa6 15. e5 dxe5 16. fxe5 Nd7 17. Bg5 Qb8 18. e6 fxe6 19. dxe6 Ne5 20. Nxe5 Bxe5 21. Qe2 Bd4+ 22. Kh1 Nb4 23. Nb5 Qg3 24. Bh6 Nd3 25. Nxd4 Nxe1 26. Rxe1 cxd4 27. e7 Qd6 28. Qf3 Rac8 29. Qb3+ Kh8 30. Qf7 Rxe7 31. Bg7# 1-0


[Site "https://www.chess.com"]

[Event "Titled Tuesday Blitz February 15 Late 2022"]
[White "Iturrizaga Bonelli, Eduardo"]
[Black "Fedoseev, Vladimir"]
[WhiteFideId "3901211"]
[BlackFideId "24130737"]
[WhiteElo "2646"]
[BlackElo "2726"]
[Result "0-1"]
[Round "07"]
[TimeControl "180+1"]
[Date "2022.02.15"]
[WhiteClock "0:00:02"]
[BlackClock "0:00:03"]

1. c4 e5 2. g3 Nc6 3. Bg2 g6 4. Nc3 Bg7 5. Rb1 a5 6. a3 Nh6 7. b4 O-O 8. b5 Nd4 9. e3 Ne6 10. Nge2 f5 11. O-O f4 12. f3 d6 13. d3 Nf5 14. e4 Nfd4 15. Nxd4 Nxd4 16. Ne2 Ne6 17. gxf4 exf4 18. d4 g5 19. Bb2 b6 20. Qd2 Qe7 21. Rbe1 Bd7 22. Kh1 Rae8 23. Bh3 Qf7 24. Bf5 Qh5 25. Bg4 Qh6 26. Rg1 Kh8 27. Rg2 Bf6 28. Reg1 Rd8 29. h4 Ng7 30. Rh2 gxh4 31. Bxd7 Rxd7 32. Qxf4 Qh5 33. Qg4 Rdf7 34. Nf4 Qxg4 35. Rxg4 h5 36. Ng6+ Kg8 37. Rg1 Re8 38. Rh3 Kh7 39. e5 dxe5 40. dxe5 Bd8 41. f4 Nf5 42. Kh2 Rg7 43. Nxh4 Bxh4 44. Rxg7+ Kxg7 45. Rd3 Rd8 46. Rd5 Kf7 47. e6+ Kg6 48. Re5 Bf6 49. e7 Re8 50. Re6 Nxe7 51. Bxf6 Kh7 0-1


[Site "https://www.chess.com"]